 Dungeon Crawl Stone Soup version 0.28-a0-622-gbaef9634d7 (webtiles) character file.

Game seed: 11268651819582271600

561 Crimsonway the Grave Robber (level 7, -2/42 HPs)
             Began as a Vampire Necromancer on Oct 6, 2021.
             Was a Believer of Hepliaklqana.
             Slain by a killer bee zombie (6 damage)
             ... on level 5 of the Dungeon on Oct 7, 2021.
             The game lasted 00:31:38 (4081 turns).

Crimsonway the Grave Robber (Vampire Necromancer)   Turns: 4081, Time: 00:31:40

Health: -2/42      AC:  2    Str:  7    XL:     7   Next: 9%
Magic:  11/13      EV: 10    Int: 20    God:    Hepliaklqana [**....]
Gold:   172        SH:  7    Dex: 14    Spells: 13/14 levels left

rFire   . . .      SeeInvis +   m - +2 whip (pain)
rCold   . . .      Faith    .   h - +0 kite shield
rNeg    . . .      Spirit   .   a - +0 robe
rPois   .          Reflect  .   (no helmet)
rElec   .          Harm     .   (no cloak)
rCorr   .          Rampage  .   (no gloves)
Will    .....                   (no boots)
Stlth   ++........              (no amulet)
HPRegen 0.34/turn               (no ring)
MPRegen 0.13/turn               (no ring)

@: healing quickly
A: alive, reduced essence, fangs 3, see invisible, vampiric 2
a: Exsanguinate, Renounce Religion, Ancestor Life: Knight, Ancestor Life:
Battlemage, Ancestor Life: Hexer, Recall Ancestor, Ancestor Identity


You were on level 5 of the Dungeon.
You worshipped Hepliaklqana.
Hepliaklqana was pleased with you.
You visited 1 branch of the dungeon, and saw 5 of its levels.
You also visited: Sewer.

You collected 172 gold pieces.

Inventory:

Hand Weapons
 c - a +0 mace
 g - a +0 short sword
 j - a +2 dagger of venom
 m - a +2 whip of pain (weapon)
 n - a +1 whip of freezing
 r - a +0 hand crossbow
 v - a +1 dagger of draining
 x - a +0 mace of protection
Armour
 a - a +0 robe (worn)
 h - a +0 kite shield (worn)
Wands
 b - a wand of polymorph (4)
 k - a wand of flame (5)
Scrolls
 d - 2 scrolls of identify {unknown}
 f - 2 scrolls of holy word {unknown}
 l - a scroll of amnesia {unknown}
 o - a scroll of brand weapon {unknown}
 p - a scroll of enchant weapon {unknown}
 s - a scroll of blinking {unknown}
 t - a scroll of summoning {unknown}
 u - a scroll of fog {unknown}
 y - a scroll of vulnerability {unknown}
Potions
 e - 3 potions of curing
 i - 3 potions of haste {unknown}
 q - a potion of mutation {unknown}
 w - a potion of cancellation {unknown}
 z - a potion of attraction {unknown}


   Skills:
 + Level 0.9 Fighting
 + Level 1.7 Maces & Flails
 + Level 2.7 Dodging
 + Level 3.2 Stealth
 + Level 0.5 Shields
 + Level 4.4 Spellcasting
 + Level 7.1 Necromancy


You had 13 spell levels left.
You knew the following spells:

 Your Spells              Type           Power      Damage    Failure   Level
a - Pain                  Necr           100%       1d9       4%          1

Your spell library contained the following spells:

 Spells                   Type           Power      Damage    Failure   Level
 Animate Skeleton         Necr           64%        N/A       4%          1
 Vampiric Draining        Necr           16%        2d8       13%         3
 Animate Dead             Necr           16%        N/A       38%         4
 Agony                    Necr           32%        N/A       75%         5
 Gell's Gravitas          Tloc           2%         N/A       93%         3
 Teleport Other           Tloc           4%         N/A       93%         3
 Dispersal                Tloc           2%         N/A       100%        6


Dungeon Overview and Level Annotations

Branches:
Dungeon (5/15)              Sewer (visited)
 Temple: D:4-7

Altars:
Hepliaklqana
Kikubaaqudgha


Innate Abilities, Weirdness & Mutations

Your natural rate of healing is accelerated.
Your life essence is reduced to manifest your ancestor. (-10% HP)
You have razor-sharp teeth.
You have supernaturally acute eyesight. (SInv)
You are afflicted with vampirism and can become a bat while bloodless.


Message History

Press: ? - help, Shift-Dir - straight line, f - killer bee zombie
Aim: a killer bee zombie (lightly damaged, 56% to hit)
The puff of flame hits the killer bee zombie!
The killer bee zombie is moderately damaged.
The killer bee zombie misses you.
Aiming: Throw Flame
Press: ? - help, Q - select action, (/) - cycle Shift-Dir - straight line, f/p - killer bee zombie
Aim: a killer bee zombie (moderately damaged, 56% to hit)
The puff of flame hits the killer bee zombie.
The killer bee zombie is heavily damaged.
You block the killer bee zombie's attack.
The killer bee zombie closely misses you.
You hit the killer bee zombie.
The killer bee zombie is heavily damaged.
The killer bee zombie barely misses you.
The killer bee zombie hits you.
* * * LOW HITPOINT WARNING * * *
You hit the killer bee zombie.
The killer bee zombie is severely damaged.
The killer bee zombie hits you.
* * * LOW HITPOINT WARNING * * *
The killer bee zombie misses you.
The killer bee zombie closely misses you.
You closely miss the killer bee zombie.
The killer bee zombie is severely damaged.
The killer bee zombie hits you.
* * * LOW HITPOINT WARNING * * *
You block the killer bee zombie's attack.
You hit the killer bee zombie.
The killer bee zombie is severely damaged.
The killer bee zombie hits you.
* * * LOW HITPOINT WARNING * * *
You block the killer bee zombie's attack.
Aiming: Throw Flame
Press: ? - help, Q - select action, (/) - cycle Shift-Dir - straight line, f/p - killer bee zombie
Aim: a killer bee zombie (severely damaged, 56% to hit)
The puff of flame hits the killer bee zombie.
The killer bee zombie is almost destroyed.
The killer bee zombie hits you.
You die...

... ... #.. #.#
####.#### #
#.....?.# #.#
#.# .# ##
#...##Z##.#...#
#..<.@....#
.......#.##.#.#
#####..#.# ...
#..<.. .....
##.#####Z...#
#. #.#.# #.
.#.# #. .. .


You could see a killer bee zombie.

Vanquished Creatures
  A black bear (D:5)
  An ogre (D:4)
  A howler monkey (D:4)
  A jelly (D:4)
  2 hounds
  An orc priest (D:3)
  Jessica (D:2)
  Terence (D:2)
  Robin (D:2)
  4 adders
  An adder skeleton (D:4)
  2 worms (D:3)
  3 dart slugs
  2 orcs
  8 bats
  6 endoplasms
  2 giant cockroaches
  11 goblins
  6 hobgoblins
  9 jackals
  A quokka (D:1)
  10 ball pythons
  5 frilled lizards
  11 kobolds
  8 rats
99 creatures vanquished.

Vanquished Creatures (collateral kills)
  An orc (D:3)
  4 goblins
  3 hobgoblins
  2 ball pythons
  A kobold (D:2)
11 creatures vanquished.

Vanquished Creatures (others)
  3 ancestors
  27 plants (Sewer)
30 creatures vanquished.

Grand Total: 140 creatures vanquished

Notes
Turn   | Place    | Note
-------+----------+-------------------------------------------
     0 | D:1      | Crimsonway the Vampire Necromancer began the quest for the
                  | Orb.
     0 | D:1      | Reached XP level 1. HP: 13/13 MP: 3/3
   201 | D:1      | Found a faded altar of an unknown god.
   207 | D:1      | Became a worshipper of Hepliaklqana the Forgotten
   207 | D:1      | Reached * piety under Hepliaklqana
   218 | D:1      | Reached XP level 2. HP: 17/17 MP: 3/5
   556 | D:1      | Reached skill level 5 in Necromancy
   912 | D:2      | Gained mutation: You are afflicted with vampirism and can
                  | become a bat while bloodless. [Vampire growth]
   912 | D:2      | Reached XP level 3. HP: 14/21 MP: 2/6
   958 | D:2      | Noticed Robin
  1094 | D:2      | Killed Robin
  1404 | D:2      | Reached ** piety under Hepliaklqana
  1496 | D:2      | Noticed Terence
  1496 | D:2      | Noticed Jessica
  1502 | D:2      | Killed Jessica
  1503 | D:2      | Reached XP level 4. HP: 3/27 MP: 4/8
  1510 | D:2      | Killed Terence
  1511 | D:2      | Reached skill level 6 in Necromancy
  1961 | D:3      | Reached skill level 1 in Maces & Flails
  1961 | D:3      | Reached XP level 5. HP: 30/31 MP: 6/9
  2307 | D:3      | Found an ancient bone altar of Kikubaaqudgha.
  2341 | D:3      | Found a glowing drain.
  2369 | Sewer    | Entered a sewer
  3370 | D:4      | Reached XP level 6. HP: 26/37 MP: 7/11
  3408 | D:4      | Upgraded the game from 0.28-a0-616-gdeb3d7f7b4 to
                  | 0.28-a0-622-gbaef9634d7
  4053 | D:5      | Entered Level 5 of the Dungeon
  4075 | D:5      | Reached skill level 7 in Necromancy
  4075 | D:5      | Reached XP level 7. HP: 9/42 MP: 10/13
  4081 | D:5      | Slain by a killer bee zombie

Illustrated notes

Levels and vault maps discovered:
D:1:      onia_arrival_handbag, layout_basic,
          dreamdust_ecumenical_altar_angels_and_demons, minivault_25
D:2:      minmay_inner_zag, layout_loops_ring, amcnicky_mini_corridor_feature,
          uniq_terence, uniq_robin, uniq_jessica
D:3:      layout_loops_ring, kiku_gazebo_garden_becter,
          cheibrodos_sewer_entry_bend
D:4:      layout_basic
D:5:      layout_loops_ring, tso_oasis_becter, uniq_blork_the_orc

Skill      XL: |  1  2  3  4  5  6 |
---------------+-------------------+-----
Necromancy     | 5 6 7 |  7.1
Spellcasting   | 3 4 |  4.4
Maces & Flails | 1 |  1.7
Fighting       | |  0.9
Dodging        | |  2.7
Stealth        | |  3.2
Shields        | |  0.5

Action                   |  1- 3 |  4- 6 |  7- 9 || total
-------------------------+-------+-------+-------++-------
Melee: Short sword       |    15 |       |       ||    15
       Mace              |     9 |       |       ||     9
       Punch             |     2 |     5 |       ||     7
       Dagger            |    10 |       |       ||    10
       Whip              |     3 |   103 |     4 ||   110
       Bite              |       |     2 |       ||     2
 Cast: Pain              |    66 |    87 |       ||   153
Invok: Recall Ancestor   |     1 |     2 |       ||     3
Evoke: Wand              |       |     2 |     3 ||     5
  Use: Potion            |     1 |     3 |       ||     4
       Scroll            |       |     1 |       ||     1
 Stab: Sleeping          |     1 |       |       ||     1
Armor: Robe              |     8 |    13 |       ||    21
       Skin              |       |     5 |       ||     5
Dodge: Dodged            |    38 |    35 |     5 ||    78
Block: Kite shield       |    12 |    33 |     3 ||    48

Table legend: (Time is in decaauts)
 A = Elapsed time spent in this place.
 B = Non-inter-level travel time spent in this place.
 C = Inter-level travel time spent in this place.
 D = Time resting spent in this place.
 E = Time spent auto-exploring this place.
 F = Levels seen in this place.
 G = Mean time per level.
                   A        B        C        D        E       F      G
               +--------+--------+--------+--------+--------+-----+--------+
         Total |   4269 |   3624 |    645 |      0 |      0 |   6 |  711.5 |
       Dungeon |   3629 |   2984 |    645 |      0 |      0 |   5 |  725.8 |
         Sewer |    639 |    639 |      0 |      0 |      0 |   1 |  639.0 |
               +--------+--------+--------+--------+--------+-----+--------+

Top non-repeatable levels by time:
     D:2: 1061 daAuts
     D:3: 977 daAuts
     D:1: 850 daAuts
     D:4: 708 daAuts
   Sewer: 639 daAuts
     D:5: 31 daAuts
